Map: Newkirk Precinct TE (Void)

Players

Railgan - Winner!

  • Race: Zerg Zerg
  • League: Grandmaster
  • Spawn Location: 7:00

llllllllllll

  • Race: Protoss Protoss
  • League: Master
  • Spawn Location: 5:00

VOD

Have the link to the VOD?

Description

Time

  • Played on: Feb. 25, 2017, 8:07 p.m.
  • Length: 12:13
Show
View Real Time Build Order
Export as new Build Order

Railgan Zerg - Winner!

Build Orders: Hatch First 

Get SALT Encoding   

  12  0:01  Drone  
  13  0:13  Overlord  
  13  0:18  Drone  
  14  0:31  Drone x2  
  14  0:35  Drone  
  17  0:54  Hatchery  
  17  0:57  Drone  
  17  1:01  Drone  
  18  1:11  Extractor  
  17  1:16  Spawning Pool  
  16  1:19  Drone  
  16  1:23  Drone  
  18  1:30  Drone  
  19  1:41  Overlord  
  19  1:51  Drone  
  20  2:02  Queen  
  20  2:03  Zergling x2  
  20  2:06  Queen  
  20  2:07  Drone  
  26  2:12  Drone  
  26  2:15  Metabolic Boost  
  27  2:19  Drone  
  27  2:22  Drone  
  29  2:28  Drone  
  30  2:36  Drone  
  31  2:39  Drone  
  31  2:40  Queen  
  31  2:43  Evolution Chamber  
  33  2:48  Queen  
  35  2:53  Overlord  
  35  2:56  Drone  
  36  3:05  Zergling x2  
  36  3:12  Zerg Melee Weapons Level 1  
  36  3:13  Zergling x2  
  36  3:14  Zergling x6  
  36  3:17  Drone x2  
  36  3:19  Drone  
  43  3:28  Overlord  
  43  3:30  Lair  
  43  3:41  Drone  
  44  3:42  Extractor  
  44  3:45  Overlord  
  44  3:46  Drone x2  
  45  3:52  Drone x2  
  47  3:57  Drone x2  
  47  4:00  Drone x2  
  47  4:02  Extractor  
  50  4:06  Drone, Zergling x4  
  52  4:19  Drone x4  
  56  4:28  Drone  
  56  4:33  Drone x2  
  56  4:35  Overlord  
  58  4:39  Infestation Pit  
  58  4:40  Zergling x2  
  58  4:41  Zergling x4  
  57  4:46  Drone x2  
  57  4:49  Extractor, Baneling Nest, Queen  
  59  4:57  Overlord  
  59  4:58  Overseer  
  59  5:00  Zergling x2  
  59  5:06  Overlord  
  60  5:08  Zergling x2  
  60  5:09  Zergling x4  
  63  5:16  Hatchery, Pathogen Glands  
  63  5:18  Zerg Melee Weapons Level 2  
  62  5:22  Overlord  
  62  5:27  Zergling x6  
  64  5:36  Burrow  
  61  5:46  Baneling x7  
  61  5:47  Zergling x2  
  61  5:48  Zergling x12  
  67  5:52  Overseer  
  67  5:53  Overlord  
  67  5:56  Drone  
  68  6:01  Zergling x2  
  69  6:05  Zergling x8  
  69  6:06  Zergling x2  
  69  6:08  Overlord  
  74  6:15  Drone x2  
  76  6:20  Overlord  
  76  6:22  Zergling x2  
  77  6:29  Infestor  
  77  6:30  Infestor  
  81  6:39  Zergling x10  
  82  6:41  Queen  
  76  7:00  Zergling x10  
  81  7:06  Zergling x2  
  81  7:07  Zergling x6  
  84  7:13  Zergling x2  
  84  7:14  Zergling x2  
  81  7:20  Baneling  
  81  7:21  Baneling x6  
  81  7:22  Queen x2  
  85  7:34  Hatchery  
  84  7:40  Zerg Ground Armor Level 1  
  84  7:45  Neural Parasite  
  84  7:56  Zergling x12  
  90  7:59  Overlord  
  90  8:07  Infestor  
  90  8:08  Infestor  
  91  8:27  Drone x5  
  91  8:28  Zergling x2  
  91  8:31  Spawning Pool  
  94  8:39  Drone x2  
  94  8:40  Drone  
  86  9:03  Drone x4  
  86  9:08  Drone x3  
  86  9:09  Drone  
  94  9:10  Infestor x2  
  94  9:15  Centrifical Hooks  
  98  9:20  Pneumatized Carapace  
  98  9:31  Zergling x4  
  98  9:33  Zergling x2  
  98  9:34  Zergling x2  
  98  9:35  Spore Crawler  
  98  9:38  Zergling x2  
  102  9:39  Drone x3  
  105  9:47  Zergling x2  
  105  9:50  Drone x4  
  105  9:51  Drone  
  105  9:52  Drone x2  
  113  9:53  Zergling x2  
  113  9:56  Hatchery  
  113  9:59  Infestor  
  108  10:00  Infestor  
  108  10:01  Infestor x6, Zergling x2  
  113  10:08  Zergling x4  
  115  10:14  Zergling x2  
  115  10:15  Zergling x6  
  115  10:17  Baneling x9  
  115  10:21  Overlord  
  119  10:22  Zergling x4  
  119  10:27  Zergling x2  
  122  10:28  Overlord  
  120  10:49  Zergling x16  
  99  10:50  Zergling x4  
  96  10:57  Zergling x14  
  99  11:06  Zergling x4  
  97  11:12  Zergling x2  
  97  11:13  Zergling x8  
  102  11:27  Infestor x5  
  102  11:29  Zergling x2  
  102  11:30  Baneling  
  113  11:33  Zergling x2  
  113  11:34  Zergling x4  
  113  11:36  Baneling x6  
  116  11:47  Zergling x2  
  116  11:48  Zergling x6  
  116  11:53  Drone x3  
Show
View Real Time Build Order
Export as new Build Order

llllllllllll Protoss 

Build Orders: 1 Gate Expand 

Get SALT Encoding   

  12  0:02  Probe (Chrono Boost)  
  13  0:12  Probe (Chrono Boost)  
  14  0:22  Pylon  
  14  0:24  Probe (Chrono Boost)  
  15  0:40  Probe (Chrono Boost)  
  16  0:46  Gateway  
  16  0:50  Probe (Chrono Boost)  
  17  1:01  Probe (Chrono Boost)  
  18  1:12  Probe (Chrono Boost)  
  19  1:22  Probe (Chrono Boost)  
  20  1:26  Nexus  
  20  1:32  Assimilator  
  20  1:36  Assimilator  
  20  1:51  Cybernetics Core  
  20  1:53  Pylon  
  20  1:55  Probe (Chrono Boost)  
  21  2:06  Gateway  
  21  2:10  Probe (Chrono Boost)  
  23  2:28  Mothership Core (Chrono Boost)  
  23  2:29  Stalker  
  26  2:39  Probe (Chrono Boost)  
  26  2:40  Warp Gate, Pylon  
  27  2:46  Probe (Chrono Boost)  
  27  2:51  Probe (Chrono Boost)  
  29  2:57  Probe (Chrono Boost)  
  30  3:08  Twilight Council  
  30  3:09  Probe x2 (Chrono Boost)  
  32  3:19  Probe x2 (Chrono Boost)  
  34  3:27  Robotics Facility  
  34  3:30  Probe x2 (Chrono Boost)  
  36  3:36  Assimilator  
  36  3:40  Probe (Chrono Boost)  
  36  3:41  Probe (Chrono Boost)  
  38  3:48  Charge  
  38  3:55  Probe x2 (Chrono Boost)  
  40  4:03  Gateway  
  40  4:06  Probe x2 (Chrono Boost)  
  42  4:10  Gateway  
  41  4:43  Warp Prism  
  41  4:51  Probe x2 (Chrono Boost)  
  45  5:00  Gateway  
  45  5:02  Gateway  
  45  5:03  Probe (Chrono Boost)  
  46  5:08  Stalker x2  
  46  5:09  Pylon  
  50  5:17  Zealot x2  
  54  5:23  Pylon, Warp Prism  
  54  5:25  Pylon  
  54  5:27  Pylon  
  51  5:53  Zealot x2  
  51  5:56  Dark Shrine  
  55  5:59  Zealot x4  
  63  6:10  Robotics Bay, Probe (Chrono Boost)  
  64  6:35  Zealot  
  64  6:36  Zealot x4  
  64  6:37  Zealot  
  62  7:03  Zealot x6  
  68  7:14  Colossus  
  60  7:19  Extended Thermal Lance  
  62  7:28  Probe (Chrono Boost), Assimilator  
  64  7:30  Probe (Chrono Boost)  
  64  7:38  Dark Templar x2  
  64  7:43  Zealot x2  
  72  7:55  Dark Templar  
  76  7:58  Probe (Chrono Boost)  
  76  7:59  Probe (Chrono Boost)  
  76  8:01  Colossus  
  76  8:11  Probe (Chrono Boost)  
  83  8:19  Zealot  
  81  8:41  Zealot x6  
  73  8:47  Colossus  
  79  9:03  Dark Templar x3  
  79  9:07  Pylon, Archon  
  79  9:09  Pylon  
  85  9:11  Pylon  
  85  9:25  Forge  
  85  9:28  Dark Templar  
  85  9:29  Dark Templar x2  
  91  9:33  Archon x2  
  91  9:46  Zealot x3  
  91  9:48  Observer  
  98  10:02  Protoss Ground Weapons Level 1  
  98  10:08  Dark Templar  
  98  10:09  Zealot x4, Dark Templar  
  110  10:15  Archon  
  58  11:08  Colossus  
Tags
 
Add a new tag
Caveats
  • Supply blocks, unpowered buildings, or Contaminate may cause inaccurate times.
  • Supply counts are checked every 10 seconds.